 Dungeon Crawl Stone Soup version 0.17.1-1-g73c8601 (webtiles) character file.

20 pedritolo the Sneak (level 2, -5/13 HPs)
             Began as a Spriggan Enchanter on Feb 11, 2017.
             Slain by a giant frog (8 damage)
             ... on level 6 of the Dungeon.
             The game lasted 00:03:27 (574 turns).

pedritolo the Sneak (Spriggan Enchanter)             Turns: 574, Time: 00:03:27

Health: -5/13      AC:  3    Str:  4    XL:     2   Next: 58%
Magic:  1/7        EV: 18    Int: 16    God:
Gold:   13         SH:  0    Dex: 16    Spells: 2 memorised, 4 levels left

rFire  + . .     SeeInvis +     a - +1 dagger
rCold  . . .     Clarity  .     b - +1 robe
rNeg   . . .     SustAt   .     (shield restricted)
rPois  .         Gourm    .     (helmet restricted)
rElec  .         Spirit   .     (no cloak)
rCorr  .         Warding  .     (gloves unavailable)
rMut   .         Stasis   .     (boots unavailable)
MR     .....                    (no amulet)
Stlth  +++.......               (no ring)
                                l - ring of protection from fire

@: very slightly contaminated, very quick, not resistant to hostile
enchantments, fairly stealthy
A: unfitting armour, see invisible, herbivore 3, speed 3, slow metabolism 2
a: no special abilities


You were on level 6 of the Dungeon.
You were not hungry.

You visited 1 branch of the dungeon, and saw 6 of its levels.

You collected 13 gold pieces.

Inventory:

Hand Weapons
 a - a +1 dagger (weapon)
Armour
 b - a +1 robe (worn)
Jewellery
 l - a ring of protection from fire (left hand)
Wands
 k - a wand of draining (5)
 o - a wand of slowing (13)
Scrolls
 e - a scroll of recharging {unknown}
 g - a scroll of remove curse {unknown}
 j - a scroll of teleportation {unknown}
 n - a scroll of identify {unknown}
 p - a scroll of noise {unknown}
Potions
 h - a potion of agility {unknown}
 i - 2 potions of curing {unknown}
 m - a potion of degeneration {unknown}
Books
 c - a book of Maledictions

   Spells                             Type                      Level
   a - Corona                         Hexes                        1
   b - Ensorcelled Hibernation        Hexes/Ice                    2
   c - Confuse                        Hexes                        3
   d - Tukima's Dance                 Hexes                        3
   e - Dazzling Spray                 Conjuration/Hexes            3
Comestibles
 d - 3 bread rations
 f - a slice of pizza


   Skills:
 - Level 1.1 Short Blades
 - Level 3.0 Dodging
 + Level 4.6 Stealth
 + Level 3.0 Spellcasting
 * Level 4.4 Hexes


You had 4 spell levels left.
You knew the following spells:

 Your Spells              Type           Power        Failure   Level  Hunger
a - Corona                Hex            ###....      3%          1    #......
c - Ensorcelled Hibernat  Hex/Ice        #.....       14%         2    ##.....


Dungeon Overview and Level Annotations

Branches:
Dungeon (6/15)
 Temple: D:4-7

Altars:
Xom


Innate Abilities, Weirdness & Mutations

You are tiny and cannot use many weapons and most armour.
You have supernaturally acute eyesight.
You are a herbivore.
You cover ground extremely quickly.
You need consume almost no food.


Message History

Casting: Ensorcelled Hibernation
Confirm with . or Enter, or press ? or * to list all spells.
Aiming: Ensorcelled Hibernation
Press: ? - help, Shift-Dir - straight line, f/p - giant frog
Aim: a giant frog (chance to defeat MR: 40%)
You miscast Ensorcelled Hibernation.
Multicoloured lights dance before your eyes!
The giant frog closely misses you.
Casting: Ensorcelled Hibernation
Confirm with . or Enter, or press ? or * to list all spells.
Aiming: Ensorcelled Hibernation
Press: ? - help, Shift-Dir - straight line, f/p - giant frog
Aim: a giant frog (chance to defeat MR: 40%)
The giant frog looks drowsy...
The helpless giant frog fails to defend itself.
You impale the giant frog!!
The giant frog is severely wounded.
The giant frog hits you!
Ouch! That really hurt!
You die...

#......# ...
#......# ....
#......# ..
#......# .
#......##+##
######..........#
#......#####....#
#....F.# ..#
#...@..+ #
#..<...# #......#
#......# #......#
#......# #......#
#......# ####+###


You could see a giant frog.

Vanquished Creatures
  A gnoll (D:5)
  An adder skeleton (D:3)
  An orc (D:3)
  A kobold (D:3)
  A giant cockroach (D:3)
  2 giant newts
  A goblin (D:1)
  A rat (D:1)
9 creatures vanquished.

Notes
Turn   | Place    | Note
--------------------------------------------------------------
     0 | D:1      | pedritolo the Spriggan Enchanter began the quest for the Orb.
     0 | D:1      | Reached XP level 1. HP: 9/9 MP: 5/5
   235 | D:3      | Reached XP level 2. HP: 13/13 MP: 4/6
   239 | D:3      | Learned a level 2 spell: Ensorcelled Hibernation
   286 | D:5      | Entered Level 5 of the Dungeon
   350 | D:5      | Noticed an ice beast
   482 | D:5      | Found a shimmering altar of Xom.
   559 | D:6      | Noticed a giant frog
   574 | D:6      | Slain by a giant frog

Action                   || total
-------------------------++-------
Melee: Dagger            ||    25
 Cast: Corona            ||     1
       Ensorcelled Hiber ||     4
 Stab: Sleeping          ||     6
